 Dungeon Crawl Stone Soup version 0.31-a0-142-g31f6795574 (webtiles) character file.

Game seed: 8136332401226718868

31438626 Querens the Archmage (level 27, 180/180 HPs)
             Began as a Deep Elf Conjurer on May 28, 2023.
             Was the Champion of Vehumet.
             Escaped with the Orb
             ... and 15 runes on June 3, 2023!
             The game lasted 07:43:07 (47032 turns).

Querens the Archmage (Deep Elf Conjurer)           Turns: 47032, Time: 07:43:08

Health: 180/180    AC: 16    Str:  4    XL:     27
Magic:  74/74      EV: 28    Int: 47    God:    Vehumet [******]
Gold:   3156       SH:  0    Dex: 22    Spells: 3/80 levels left

rFire   + + +        V - staff of earth "Suyny" {MP+9 Str+2 Stlth-}
rCold   + + .        E - sphere of Battle
rNeg    + . .        T - +4 troll leather armour
rPois   +            B - -2 hat of the Alchemist {rElec rPois rF+ rC+ rN+ Will+ rMut rCorr}
rElec   +            o - +2 cloak of Optimism {rCorr SInv}
rCorr   +            U - +2 pair of gloves {Stlth+}
SInv    +            (no boots)
Will    +++..        J - amulet of magic regeneration
Stlth   +            Z - +6 ring of intelligence
HPRegen 1.30/turn    q - ring "Qurchuko" {rPois rF++ rC+ MP+9 Dex+6}
MPRegen 0.84/turn

%: resist mutation
@: studying 4 skills
A: hooves 1, agile 1, clever 1
0: Orb of Zot
}: 15/15 runes: serpentine, barnacled, slimy, silver, golden, iron, obsidian,
icy, bone, abyssal, demonic, glowing, magical, fiery, dark
a: Renounce Religion


You escaped.
You worshipped Vehumet.
Vehumet was exalted by your worship.
You visited 17 branches of the dungeon, and saw 85 of its levels.
You visited Pandemonium 1 time, and saw 26 of its levels.
You visited the Abyss 1 time.
You visited 1 bazaar.
You also visited: Ossuary, Bailey, Gauntlet, Ice Cave, Volcano and Wizlab.

You collected 10988 gold pieces.
You spent 7832 gold pieces at shops.

Inventory:

Armour
 d - a +0 cloak of fire resistance
 i - the orb of Dispater {+Damnation *Corrode AC+5}
   (You took it off Dispater on level 7 of the Iron City of Dis)

   +Damnation: It grants the ability to hurl damnation at the cost of health and
   magic, with strength depending on Evocations skill.
   AC:        It affects your AC (+5).
   *Corrode:  It may corrode you when you take damage.
 o - the +2 cloak of Optimism (worn) {rCorr SInv}
   (You bought it in a shop on level 2 of the Vaults)

   SInv:      It lets you see invisible.
   rCorr:     It protects you from acid and corrosion.
 x - the +0 leather armour of Asceticism {rC+ rCorr Int+5 Dex-5}
   (You bought it in a shop on level 5 of the Vaults)

   Int:       It affects your intelligence (+5).
   Dex:       It affects your dexterity (-5).
   rC:        It protects you from cold.
   rCorr:     It protects you from acid and corrosion.
 B - the -2 hat of the Alchemist (worn) {rElec rPois rF+ rC+ rN+ Will+ rMut rCorr}
   (You found it in a bailey)

   rF:        It protects you from fire.
   rC:        It protects you from cold.
   rElec:     It insulates you from electricity.
   rPois:     It protects you from poison.
   rN:        It protects you from negative energy.
   rCorr:     It protects you from acid and corrosion.
   rMut:      It protects you from mutation.
   Will:      It increases your willpower.
 E - the sphere of Battle (worn)
   (You bought it in a shop on level 3 of the Vaults)

   It enhances your destructive magic.
   It weakens your non-destructive magic.
   It summons a battlesphere in combat, with strength depending on Conjurations
   skill.
 H - the +1 pair of gloves "Neewkaxe" {Rampage rC+}
   (You found it on level 2 of the Snake Pit)

   rC:        It protects you from cold.
   Rampage:   It bestows one free step when moving towards enemies.
 T - a +4 troll leather armour (worn)
 U - a +2 pair of gloves of stealth (worn)
Magical Staves
 c - the staff of air "Elle" {Drain Fly rElec rC- rCorr}
   (You found it in a Gauntlet)

   [staff of air]

   Base accuracy: +5 Base damage: 5 Base attack delay: 1.2 This weapon's minimum
   attack delay (0.6) is reached at skill level 12.
   rC:        It makes you vulnerable to cold.
   rElec:     It insulates you from electricity.
   Fly:       It grants you flight.
   rCorr:     It protects you from acid and corrosion.
   Drain:     It drains your maximum health when unequipped.
   It falls into the 'Staves' category.
   It is a one-handed weapon.
 V - the staff of earth "Suyny" (weapon) {MP+9 Str+2 Stlth-}
   (You found it in a Gauntlet)

   [staff of earth]

   Base accuracy: +5 Base damage: 5 Base attack delay: 1.2 This weapon's minimum
   attack delay (0.6) is reached at skill level 12.
   Str:       It affects your strength (+2).
   MP:        It affects your magic capacity (+9).
   Stlth:     It makes you less stealthy.
   It falls into the 'Staves' category.
   It is a one-handed weapon.
Jewellery
 a - the amulet of the Air {Inacc Air Fly rElec RMsl}
   (You took it off a minotaur in a Gauntlet)

   [amulet of nothing]

   Inacc:     It reduces the accuracy of your attacks and spells.
   Air:       It enhances your air magic.
   rElec:     It insulates you from electricity.
   Fly:       It grants you flight.
   RMsl:      It protects you from missiles.
 p - the ring "Cocwues" {Wiz rElec rF+ SInv}
   (You found it on level 7 of the Iron City of Dis)

   [ring of wizardry]

   It improves your spell success rate.
   rF:        It protects you from fire.
   rElec:     It insulates you from electricity.
   SInv:      It lets you see invisible.
 q - the ring "Qurchuko" (right hand) {rPois rF++ rC+ MP+9 Dex+6}
   (You acquired it in Pandemonium)

   [ring of dexterity]

   Dex:       It affects your dexterity (+6).
   rF:        It greatly protects you from fire.
   rC:        It protects you from cold.
   rPois:     It protects you from poison.
   MP:        It affects your magic capacity (+9).
 w - the ring of Wollopn {rC+ MP+9}
   (You found it on level 7 of Cocytus)

   [ring of magical power]

   rC:        It protects you from cold.
   MP:        It affects your magic capacity (+9).
 F - a ring of flight
 J - an amulet of magic regeneration (around neck)
 Q - the amulet "Rahoqar" {Reflect +Blink Regen+ Int+4 SH+5 Stlth-}
   (You found it on level 10 of the Dungeon)

   [amulet of reflection]

   It reflects blocked missile attacks.
   Int:       It affects your intelligence (+4).
   +Blink:    It lets you blink.
   Regen:     It increases your rate of health regeneration.
   SH:        It affects your SH (+5).
   Stlth:     It makes you less stealthy.
 Z - a +6 ring of intelligence (left hand)
Wands
 s - a wand of digging (21)
Scrolls
 h - 3 scrolls of immolation
 j - a scroll of magic mapping
 k - 10 scrolls of fear
 r - 10 scrolls of enchant weapon
 u - 11 scrolls of identify
 v - 8 scrolls of teleportation
 y - a scroll of amnesia
 G - 2 scrolls of silence
 K - 8 scrolls of enchant armour
 M - 7 scrolls of summoning
 N - a scroll of torment
 P - 3 scrolls of blinking
 W - 5 scrolls of fog
Potions
 b - 18 potions of mutation
 f - a potion of cancellation
 g - 10 potions of heal wounds
 l - 9 potions of lignification
 n - 17 potions of curing
 t - 8 potions of enlightenment
 z - a potion of magic
 I - a potion of brilliance
 S - 2 potions of invisibility
 Y - 4 potions of resistance
Miscellaneous
 R - a figurine of a ziggurat


   Skills:
 + Level 20.3 Fighting
 + Level 15.4 Armour
 + Level 23.6 Dodging
 - Level 2.4 Stealth
 - Level 6.0 Shields
 O Level 27 Spellcasting
 O Level 27 Conjurations
 - Level 10.0 Summonings
 - Level 16.1 Necromancy
 - Level 12.0 Translocations
 - Level 16.0 Transmutations
 O Level 27 Fire Magic
 - Level 18.2 Ice Magic
 - Level 21.1 Earth Magic


You had 3 spell levels left.
You knew the following spells:

 Your Spells              Type           Power      Damage    Failure   Level
a - Necromutation         Tmut/Necr      41%        N/A       2%          8
b - Polar Vortex          Ice            75%        N/A       4%          9
c - Iskenderun's Mystic   Conj/Tloc      100%       2d19      0%          4
d - Fulminant Prism       Conj/Hex       68%        3d27      0%          4
e - Lehudib's Crystal Sp  Conj/Erth      95%        10d21     1%          8
f - Fireball              Conj/Fire      84%        3d31      0%          5
g - Spellforged Servitor  Conj/Summ      75%        N/A       1%          7
i - Swiftness             Air            31%        N/A       1%          3
j - Plasma Beam           Fire/Air       68%        2x1d85    1%          6
l - Ignition              Fire           84%        3d22      1%          8
m - Fire Storm            Conj/Fire      84%        8d21      1%          9
n - Statue Form           Tmut/Erth      84%        N/A       1%          6

Your spell library contained the following spells:

 Spells                   Type           Power      Damage    Failure   Level
 Chain Lightning          Conj/Air       68%        3d91      28%         9
 Beastly Appendage        Tmut           100%       N/A       0%          1
 Freeze                   Ice            100%       1d10      0%          1
 Kiss of Death            Conj/Necr      100%       2d13      0%          1
 Magic Dart               Conj           100%       1d8       0%          1
 Necrotise                Necr           100%       1d9       0%          1
 Shock                    Conj/Air       100%       1d9       0%          1
 Sting                    Tmut/Pois      100%       1d8       0%          1
 Blink                    Tloc           100%       N/A       0%          2
 Call Imp                 Summ           100%       N/A       0%          2
 Ensorcelled Hibernation  Hex/Ice        100%       N/A       0%          2
 Lesser Beckoning         Tloc           100%       N/A       0%          2
 Momentum Strike          Conj/Tloc      100%       3d10      0%          2
 Passwall                 Tmut/Erth      100%       N/A       0%          2
 Scorch                   Fire           100%       2d9       0%          2
 Searing Ray              Conj           100%       2d8       0%          2
 Sublimation of Blood     Necr           82%        N/A       0%          2
 Wereblood                Tmut           82%        N/A       0%          2
 Call Canine Familiar     Summ           68%        N/A       0%          3
 Dazzling Flash           Conj/Hex       100%       N/A       0%          3
 Frozen Ramparts          Ice            100%       1d16      0%          3
 Gell's Gravitas          Tloc           73%        N/A       0%          3
 Hailstorm                Conj/Ice       100%       3d20      0%          3
 Ignite Poison            Fire/Tmut/Pois 100%       N/A       0%          3
 Mephitic Cloud           Conj/Pois/Air  100%       N/A       0%          3
 Ozocubu's Armour         Ice            87%        N/A       0%          3
 Stone Arrow              Conj/Erth      100%       3d13      0%          3
 Teleport Other           Tloc           73%        N/A       0%          3
 Vampiric Draining        Necr           82%        2d11      0%          3
 Cigotuvi's Dreadful Rot  Necr/Pois/Air  100%       N/A       1%          2
 Poisonous Vapours        Pois/Air       100%       N/A       1%          2
 Confusing Touch          Hex            31%        N/A       1%          3
 Portal Projectile        Hex/Tloc       100%       N/A       1%          3
 Spider Form              Tmut/Pois      62%        N/A       1%          3
 Summon Guardian Golem    Hex/Summ       53%        N/A       1%          3
 Tukima's Dance           Hex            31%        N/A       1%          3
 Vhi's Electric Charge    Tloc/Air       100%       N/A       1%          3
 Animate Armour           Summ/Erth      100%       N/A       0%          4
 Animate Dead             Necr           82%        N/A       0%          4
 Dispel Undead            Necr           82%        3d27      0%          4
 Flame Wave               Conj/Fire      100%       2d21      0%          4
 Ice Form                 Ice/Tmut       84%        N/A       0%          4
 Sticky Flame             Conj/Fire      100%       2d11      0%          4
 Agony                    Necr           82%        N/A       0%          5
 Blade Hands              Tmut           41%        N/A       0%          5
 Borgnjor's Vile Clutch   Necr/Erth      63%        N/A       0%          5
 Freezing Cloud           Conj/Ice/Air   70%        6-21      0%          5
 Iskenderun's Battlesphe  Conj           100%       2d15      0%          5
 Lee's Rapid Deconstruct  Erth           91%        3d40*     0%          5
 Leda's Unmaking          Conj/Erth      95%        9d15      0%          6
 Starburst                Conj/Fire      84%        6d21      0%          6
 Orb of Destruction       Conj           84%        9d19      0%          7
 Airstrike                Air            38%        2d(6-22)  1%          4
 Anguish                  Hex/Necr       31%        N/A       1%          4
 Leda's Liquefaction      Hex/Erth       52%        N/A       1%          4
 Manifold Assault         Tloc           73%        N/A       1%          4
 Olgreb's Toxic Radiance  Pois           76%        N/A       1%          4
 Passage of Golubria      Tloc           73%        N/A       1%          4
 Alistair's Intoxication  Tmut/Pois      41%        N/A       1%          5
 Arcjolt                  Conj/Air       68%        1d78      1%          5
 Metabolic Englaciation   Hex/Ice        32%        N/A       1%          5
 Summon Forest            Summ/Tloc      35%        N/A       1%          5
 Summon Mana Viper        Hex/Summ       53%        N/A       1%          5
 Yara's Violent Unravell  Hex/Tmut       59%        3d22      1%          5
 Conjure Ball Lightning   Conj/Air       68%        3x3d25    1%          6
 Death Channel            Necr           41%        N/A       1%          6
 Dispersal                Tloc           36%        N/A       1%          6
 Eringya's Noxious Bog    Tmut/Pois      59%        N/A       1%          6
 Simulacrum               Ice/Necr       42%        N/A       1%          6
 Summon Cactus Giant      Summ           34%        N/A       1%          6
 Dragon Form              Tmut           41%        N/A       1%          7
 Ozocubu's Refrigeration  Ice            75%        4d24      1%          7
 Cause Fear               Hex            15%        N/A       2%          4
 Borgnjor's Revivificati  Necr           41%        N/A       2%          8
 Summon Hydra             Summ           34%        N/A       3%          7
 Silence                  Hex/Air        15%        N/A       8%          5
 Storm Form               Tmut/Air       31%        N/A       9%          7
 Death's Door             Necr           41%        N/A       36%         9
 Enfeeble                 Hex            15%        N/A       93%         7
 Maxwell's Capacitive Co  Air            38%        ∞         98%         8
 Dragon's Call            Summ           34%        N/A       99%         9


Dungeon Overview and Level Annotations

Branches:
Dungeon (15/15)            Temple (1/1) D:5            Lair (5/5) D:11
 Shoals (4/4) Lair:3        Snake (4/4) Lair:2        Slime (5/5) Lair:5
    Orc (2/2) D:12            Elf (0/3) Orc:2        Vaults (5/5) D:14
  Crypt (3/3) Vaults:3       Tomb (3/3) Crypt:3      Depths (4/4) D:15
   Hell (visited)             Dis (7/7) Hell            Geh (7/7) Hell
    Coc (7/7) Hell            Tar (7/7) Hell            Zot (5/5) Depths:4
Ossuary (visited)          Bailey (visited)           IceCv (visited)
Volcano (visited)          WizLab (visited)         Gauntlet (visited)

Altars:
Ashenzari
Cheibriados
Dithmenos
Elyvilon
Fedhas
Gozag
Hepliaklqana
Kikubaaqudgha
Makhleb
Nemelex Xobeh
Okawaru
Qazlal
Ru
Sif Muna
Trog
Uskayaw
Vehumet
Wu Jian
Xom
Yredelemnul
Zin
The Shining One
Jiyva
Lugonu

Shops:
D:5 [   D:15 *(!   Orc:2 *[[=   Snake:3 *   Vaults:1 ?   Vaults:2 *
Vaults:3 *[!   Vaults:4 (   Vaults:5 [=!!?   Depths:1 :*   Depths:2 (
Depths:3 ?

Portals:
Hell: Depths:1 Depths:2 Depths:3
Abyss: Lair:5 Depths:1
Pandemonium: Depths:2

Annotations:
D:2 Natasha
D:4 2 runed translucent doors, Colgate's ghost, novice MeNe
Zot:4 1 runed translucent door, exclusion: obsidian statue, Adaxemni's ghost, legendary GrFi


Innate Abilities, Weirdness & Mutations

You have large cloven feet.
You are agile. (Dex +4, Str/Int -1)
Your mind is acute. (Int +4, Str/Dex -1)


Message History

There is an open door here.
There is a stone staircase leading up here.
You climb upwards.
Your summoned ally is left behind.
Your battlesphere wavers and loses cohesion.
There is a stone staircase leading down here.
There is a stone staircase leading up here.
You climb upwards.
There is a stone staircase leading down here.
There is a stone staircase leading up here.
You climb upwards.
Level annotation: 2 runed translucent doors, Colgate's ghost, novice MeNe
There is a stone staircase leading down here.
There is a stone staircase leading up here.
You climb upwards.
There is a stone staircase leading down here.
A hellwing comes into view.
The hellwing moves out of view.
Blink to where?
Press: ? - help, Dir - move target
As you read the scroll of blinking, it crumbles to dust.
You climb upwards.
There is a stone staircase leading down here.
A reaper comes into view. It is wielding a +2 scythe of freezing.
You conjure a globe of magical energy.
Blink to where?
Press: ? - help, Dir - move target Natasha, Servant of Life and Death comes into view.
As you read the scroll of blinking, it crumbles to dust.
Natasha moves out of view.
You climb upwards.
Your summoned ally is left behind.
Your battlesphere wavers and loses cohesion.
There is a stone staircase leading down here.
Aiming: Dig
Press: ? - help, Shift-Dir - straight line You can't see that place.
The rock shatters into small pieces.
You enter the shallow water.
Moving in this stuff is going to be slow.
There is a staircase leading out of the dungeon here.
You have escaped!

#..## #......... #.##
#......... #.# ##.#######
#.# #.# #####.####### #.#
##.#.#.#.#.#.###.#
#.#.#.#.#.#.#.##.#######
##.#.≈≈≈≈≈.#.###.#......
#.#.#≈.@.≈#.#.##.#....(.
##.#.≈...≈.#.###.#......
#.#.#≈...≈#.#.##.#......
####.#.~~~~~.#.#...#......
##...#.#...#.#.#..###......
# #..##.#.#.#.#.#.#.#
#...... #
#.#######.#####.#.# #######
# #.# #.## #...# ### ##.#
#.# ###.#


There were no monsters in sight!

Vanquished Creatures
  Cerebov (Pan)
  Antaeus (Coc:7)
  Asmodeus (Geh:7)
  Gloorx Vloq (Pan)
  the Royal Jelly (Slime:5)
  Ereshkigal (Tar:7)
  Dissolution (Slime:3)
  the Serpent of Hell (Coc:7)
  Lom Lobon (Pan)
  Mnoleg (Pan)
  Dispater (Dis:7)
  4 dread liches
  An orb of fire (Zot:5)
  Mennas (Pan)
  Khufu (Tomb:3)
  4 juggernauts
  Mara (Vaults:2)
  12 pandemonium lords
  32 royal mummies
  Vv (Depths:4)
  9 shard shrikes
  4 Killer Klowns
  8 caustic shrikes
  Geryon (Hell)
  5 golden dragons
  4 curse toes (Zot:5)
  12 profane servitors
  5 bone dragons
  11 Brimstone Fiends
  Nikola (Shoals:2)
  7 iron giants
  13 Tzitzimimeh
  A shard shrike zombie (Crypt:3)
  4 electric golems
  9 hellephants
  18 Hell Sentinels
  16 tentacled monstrosities
  18 tainted leviathans
  4 liches
  20 Ice Fiends
  Mlioglotl (Shoals:2)
  A deep elf master archer (Depths:3)
  4 quicksilver dragons
  A walking earthen tome (Depths:2)
  23 Orb Guardians
  16 acid blobs
  3 krakens
  20 searing wretches
  16 Executioners
  9 titans
  34 ancient champions
  The ghost of Uloys the Tortoise, an adept MiBe of Trog (Depths:1)
  4 death cobs
  10 sphinxes
  3 tentacled starspawn (Abyss:1)
  8 shadow dragons
  8 storm dragons
  Agnes (Snake:2)
  Kirke (Snake:3)
  4 revenants
  An azure jelly (shapeshifter) (Vaults:5)
  4 demonspawn warmongers (Pan)
  9 nagarajas
  8 tengu reavers
  10 rockslimes
  13 quicksilver elementals
  3 draconian monks
  3 draconian knights (Zot:2)
  22 fire giants
  A juggernaut zombie (Hell)
  6 narguns
  11 frost giants
  15 vault wardens
  3 deep elf sorcerers
  7 iron dragons
  11 azure jellies
  A draconian scorcher (Depths:4)
  A ghost moth (shapeshifter) (Vaults:5)
  4 ghost moths
  4 spectral caustic shrikes (Tar:2)
  12 ghouls
  An angel (Abyss:3)
  11 ironbound preservers
  A spectral juggernaut (Tar:3)
  40 balrugs
  8 shard shrike simulacra
  3 curse skulls
  2 draconian shifters (Zot:2)
  An orc warlord (Vaults:3)
  6 draconian annihilators
  17 war gargoyles
  17 very ugly things
  10 demonspawn corrupters
  9 formless jellyfish
  14 cacodemons
  14 quicksilver oozes
  10 reapers
  9 ironbound thunderhulks
  19 stone giants
  8 demonspawn blood saints (Pan)
  3 draconian stormcallers
  A juggernaut skeleton (Crypt:3)
  4 vampire knights
  6 green draconians
  9 lorocyprocas
  9 white draconians
  Azrael (D:15)
  2 deep elf demonologists (Vaults:5)
  9 putrid mouths
  A minotaur (Gauntlet)
  7 demonspawn black suns
  Nessos (Orc:2)
  31 elemental wellsprings
  12 purple draconians
  7 yellow draconians
  A black draconian (Zot:5)
  A spark wasp (Depths:2)
  3 deep elf annihilators
  7 dire elephants
  8 bennus
  7 wendigos
  9 red draconians
  4 eidola
  A starcursed mass (Abyss:3)
  8 deep elf death magi
  24 blizzard demons
  8 merfolk impalers
  20 iron golems
  6 fire dragons
  13 ettins
  29 mummy priests
  A crystal guardian (Vaults:4)
  2 spectral krakens (Tar:7)
  Snorg (Orc:1)
  4 jiangshi
  An entropy weaver (shapeshifter) (Abyss:3)
  11 green deaths
  2 entropy weavers (Vaults:3)
  3 merfolk javelineers
  A quicksilver dragon zombie (Depths:1)
  3 spectral spriggans (Tar:2)
  14 yaktaur captains
  A fenstrider witch zombie (Hell)
  13 great orbs of eyes
  A kraken zombie (Hell)
  4 deep elf high priests
  6 rakshasas
  32 vault guards
  5 hydras
  4 ice dragons
  2 merfolk avatars
  A spriggan air mage (Depths:2)
  Harold (Lair:1)
  3 catoblepae
  A ghost crab (Abyss:3)
  7 caustic shrike simulacra
  4 hell beasts
  An ogre mage (Vaults:5)
  2 peacekeepers
  4 juggernaut simulacra
  14 salamander tyrants
  3 satyrs
  10 ironbound frosthearts
  6 anacondas
  3 boulder beetles
  An alligator snapping turtle (Shoals:4)
  2 spriggan skeletons
  4 two-headed ogres
  3 stokers
  9 merfolk aquamancers
  Erica (D:11)
  20 centaur warriors
  7 vampire magi
  8 deep troll earth magi
  5 deep troll shamans
  16 naga sharpshooters
  56 death scarabs
  5 orc high priests (Orc:2)
  19 naga warriors
  4 tengu warriors
  A spectral dire elephant (Tar:1)
  24 hell hogs
  5 spriggan berserkers
  3 thrashing horrors
  8 shock serpents
  4 skysharks
  28 soul eaters
  26 hell knights
  A fire crab (Abyss:3)
  Nergalle (D:11)
  14 shadow wraiths
  58 sun demons
  6 crystal echidnas (Dis:7)
  3 iron trolls
  4 wretched stars (Abyss:3)
  2 spriggan druids (WizLab)
  2 salamander mystics (Snake:4)
  A spectral bunyip (Tar:2)
  12 sixfirhies
  3 glowing orange brains
  10 sea snakes
  2 bunyip zombies
  3 quicksilver dragon simulacra (Coc:7)
  13 shadow demons
  Lodul (D:11)
  A flayed ghost (Depths:1)
  22 skeletal warriors
  3 deep elf archers (Depths:3)
  6 naga ritualists
  37 deep trolls
  7 phantasmal warriors
  A kraken simulacrum (Shoals:3)
  A deep troll (shapeshifter) (Vaults:5)
  A bog body (Crypt:2)
  10 necromancers
  20 ironbound convokers
  An anaconda skeleton (Hell)
  2 lindwurms (shapeshifter) (Vaults:5)
  A deep elf pyromancer (D:15)
  2 deep elf zephyrmancers
  A death drake (shapeshifter) (Vaults:5)
  13 orc knights
  15 wizards
  14 harpies
  A fenstrider witch simulacrum (Coc:1)
  5 spriggan simulacra
  A broodmother zombie (Crypt:1)
  5 oklob plants
  7 shining eyes
  12 lindwurms
  A bunyip skeleton (Hell)
  10 mana vipers
  2 fauns (shapeshifter)
  41 ugly things
  An orc sorcerer (D:15)
  A shadow dragon skeleton (Crypt:1)
  A cyclops (shapeshifter) (D:14)
  13 manticores
  A manticore (shapeshifter) (Depths:2)
  A spectral centaur (Tar:2)
  7 worldbinders (WizLab)
  13 salamanders
  7 cyclopes
  A frost giant skeleton (Depths:1)
  5 elephants (Lair:5)
  14 fauns
  An iron dragon skeleton (Tomb:1)
  6 merfolk sirens
  5 rust devils
  21 naga magi
  15 moths of wrath
  10 ice statues
  2 apocalypse crabs (Abyss:3)
  29 smoke demons
  32 black mambas
  Maggie (Lair:1)
  5 eyes of devastation
  19 orange demons
  7 molten gargoyles
  6 guardian serpents
  3 titan simulacra
  4 torpor snails
  A green draconian zombie (Crypt:3)
  16 vault sentinels
  An unseen horror (shapeshifter) (Lair:5)
  9 water nymphs
  4 spectral swamp worms (Tar:7)
  25 hellions
  A storm dragon simulacrum (Coc:1)
  6 gargoyles
  8 demonic crawlers
  A spriggan zombie (Depths:1)
  2 alligator snapping turtle zombies
  8 cane toads
  4 rime drakes
  2 kobold demonologists (D:10)
  2 sea snake zombies (Hell)
  20 tormentors
  A dire elephant skeleton (Hell)
  A minotaur zombie (Gauntlet)
  2 efreet (Pan)
  7 ice devils
  37 yaktaurs
  9 freezing wraiths
  A komodo dragon (shapeshifter) (Vaults:5)
  An unseen horror (D:12)
  2 anaconda simulacra
  A tengu conjurer (Depths:2)
  An alligator snapping turtle skeleton (Tomb:2)
  2 unseen horror skeletons
  9 komodo dragons
  A golden dragon simulacrum (Coc:4)
  45 guardian mummies
  4 ancient zymes
  7 trolls
  3 polar bears
  4 iron giant simulacra
  A troll (shapeshifter) (D:15)
  8 red devils
  26 hellwings
  24 merfolk
  4 wind drakes
  A hornet (D:7)
  20 blink frogs
  4 raiju
  2 harpy skeletons (Abyss:1)
  3 dream sheep (Shoals:2)
  A hydra skeleton (Tomb:3)
  A stone giant simulacrum (Coc:1)
  3 iron dragon simulacra
  118 slime creatures
  An ice dragon skeleton (Crypt:2)
  12 snapping turtles
  2 alligator zombies (Hell)
  A black mamba zombie (Hell)
  30 large abominations
  2 spriggans (Lair:5)
  A tyrant leech zombie (Crypt:3)
  A spriggan (shapeshifter) (D:15)
  4 water elementals
  A black mamba skeleton (Pan)
  2 shadows
  20 flying skulls
  4 wyverns
  7 wraiths
  2 fire elementals (D:15)
  42 yaks
  7 hogs (Snake:3)
  4 basilisks
  17 neqoxecs
  An alligator snapping turtle simulacrum (Shoals:3)
  26 ynoxinuls
  2 redbacks (Vaults:3)
  2 sea snake simulacra (Shoals:3)
  2 steam dragons (D:8)
  18 ushabtiu
  10 golden eyes
  20 chaos spawn
  3 death yak simulacra (Shoals:3)
  10 vampire mosquitoes
  5 wargs
  17 harpy simulacra
  73 nagas
  An acid dragon (D:8)
  Duvessa (D:5)
  A floating eye (Slime:4)
  A hydra simulacrum (Coc:2)
  14 water moccasins
  A fire bat skeleton (Crypt:2)
  3 hell hounds
  2 black bears (Lair:4)
  4 ettin simulacra
  An ice beast (Abyss:3)
  A cane toad skeleton (Crypt:2)
  An ice beast (shapeshifter) (D:14)
  41 orc warriors
  3 satyr simulacra (Shoals:3)
  13 small abominations
  5 great orb of eyes simulacra (IceCv)
  12 boggarts
  2 sky beasts
  11 ogres
  2 wolves (Lair:4)
  26 centaurs
  A phantom (D:5)
  4 slime creature simulacra (IceCv)
  2 human skeletons (Vaults:4)
  5 kobold brigands
  10 bullfrogs
  2 necrophages (Crypt:3)
  2 scorpions
  A faun simulacrum (Shoals:3)
  3 naga simulacra
  An earth elemental (Abyss:3)
  3 gnoll sergeants
  2 glowing shapeshifter simulacra (IceCv)
  A water moccasin zombie (Ossuary)
  8 wights
  Dowan (D:5)
  16 killer bees
  2 manticore simulacra (Shoals:3)
  A snapping turtle simulacrum (Shoals:3)
  An electric eel (Lair:3)
  4 howler monkeys
  2 crimson imps (Pan)
  3 centaur zombies (Ossuary)
  2 lava snakes (Snake:3)
  2 bullfrog zombies (Ossuary)
  A black bear zombie (Crypt:3)
  2 hounds (D:5)
  2 gnoll boudas
  33 orc priests
  5 cyclops simulacra (Shoals:3)
  13 jellies
  Ijyb (D:4)
  14 hell rats
  A scorpion zombie (Ossuary)
  Natasha (twice) (D:2)
  3 iguanas
  16 orc wizards
  2 shapeshifter simulacra (IceCv)
  A boggart skeleton (Crypt:2)
  An ogre zombie (Ossuary)
  4 centaur simulacra
  An ogre skeleton (Crypt:2)
  34 mummies
  Robin (D:4)
  7 adders
  31 gnolls
  3 shadow imps
  4 ufetubi
  An adder zombie (Ossuary)
  2 lava snake zombies
  An adder skeleton (Crypt:3)
  2 worms
  A dart slug (D:2)
  112 orcs
  19 endoplasms
  4 giant cockroaches (D:2)
  6 gnoll zombies (Ossuary)
  12 goblins
  10 hobgoblins
  2 jackals (D:3)
  3 quokkas
  2 ball pythons
  3 bats (D:2)
  3 frilled lizards
  5 goblin zombies
  A hobgoblin zombie (Ossuary)
  23 kobolds
  3 orc zombies
  5 rats
  3 ball lightnings (Pan)
  3 creeping infernos
  9 fire vortices
  A fulminant prism (D:5)
  13 tentacles
3516 creatures vanquished.

Vanquished Creatures (collateral kills)
  3 royal mummies
  2 shard shrikes
  3 caustic shrikes
  4 profane servitors
  2 bone dragons
  3 Brimstone Fiends
  An iron giant (Dis:1)
  A doom hound (Tar:3)
  A hellephant (Geh:6)
  6 tentacled monstrosities
  7 Ice Fiends
  3 Orb Guardians (Zot:5)
  2 tainted leviathans
  2 liches
  A titan (Dis:1)
  6 Hell Sentinels
  9 ancient champions
  2 sphinxes
  An acid blob (Slime:5)
  A death cob (Zot:2)
  9 Executioners (Pan)
  An eldritch tentacle (Pan)
  A shadow dragon (Zot:1)
  4 storm dragons
  A draconian monk (Zot:5)
  2 demonspawn warmongers (Pan)
  2 iron dragons (Depths:2)
  A nargun (Coc:7)
  A vault warden (Vaults:4)
  4 fire giants
  2 shard shrike simulacra (Coc:7)
  A draconian scorcher (Zot:1)
  14 balrugs
  3 frost giants (Dis:1)
  A caustic shrike skeleton (Pan)
  4 war gargoyles (Dis:7)
  4 cacodemons
  A demonspawn corrupter (Pan)
  3 ghouls (Tar:1)
  A juggernaut skeleton (Crypt:3)
  3 reapers (Pan)
  A demonspawn blood saint (Pan)
  2 formless jellyfish
  2 very ugly things (Depths:1)
  2 green draconians (Zot:2)
  2 stone giants
  2 black draconians
  2 dire elephants
  8 putrid mouths
  A spark wasp (Depths:2)
  A demonspawn black sun (Pan)
  2 red draconians
  4 wendigos (Coc:7)
  An ettin (shapeshifter) (Vaults:3)
  4 blizzard demons (Pan)
  2 green deaths (Pan)
  A mummy priest (Tomb:1)
  2 fire dragons
  A shambling mangrove (Abyss:3)
  2 great orbs of eyes (Vaults:3)
  12 iron golems
  A spectral spriggan (Tar:1)
  A vault guard (Vaults:5)
  4 rakshasas (Pan)
  A spriggan skeleton (Pan)
  A spriggan air mage (Depths:3)
  2 salamander tyrants (Geh:7)
  A quicksilver dragon skeleton (Hell)
  2 juggernaut simulacra
  A caustic shrike simulacrum (Coc:6)
  A centaur warrior (Vaults:1)
  2 stokers
  A deep troll shaman (Depths:3)
  A death scarab (Tomb:1)
  13 hell hogs
  A hell knight (Depths:3)
  A spectral dire elephant (Tar:2)
  10 soul eaters (Pan)
  2 crystal echidnas
  30 sun demons (Pan)
  10 sixfirhies (Pan)
  A titan skeleton (Pan)
  A quicksilver dragon simulacrum (Coc:5)
  A spectral hydra (Tar:1)
  2 deep trolls
  2 shadow demons (Pan)
  2 spriggan simulacra (Coc:7)
  2 glowing orange brains (Pan)
  3 wizards (Pan)
  2 ugly things
  2 moths of wrath
  A titan simulacrum (Coc:6)
  17 smoke demons (Pan)
  2 demonic crawlers (Pan)
  3 orange demons (Pan)
  4 molten gargoyles (Geh:7)
  A hellion (Pan)
  An orc skeleton (Pan)
  2 spectral swamp worms (Tar:7)
  3 ice devils (Pan)
  2 efreet (Pan)
  3 anaconda simulacra
  3 tormentors
  An alligator snapping turtle skeleton (Pan)
  A rime drake (Abyss:2)
  A tengu conjurer (Depths:1)
  A catoblepas skeleton (Pan)
  2 hellwings (Pan)
  2 red devils (Pan)
  3 harpy skeletons (Pan)
  An alligator zombie (Hell)
  An ettin skeleton (Pan)
  12 ynoxinuls (Pan)
  A water elemental (Hell)
  An ushabti (Tomb:3)
  A redback (Vaults:3)
  4 golden eyes (Pan)
  10 chaos spawn (Pan)
  12 large abominations (Pan)
  8 neqoxecs (Pan)
  3 harpy simulacra
  2 hydra simulacra
  An ettin simulacrum (Coc:5)
  A crimson imp (Pan)
  10 mummies
  An orc (D:14)
  A kobold zombie (Crypt:1)
  A creeping inferno (Geh:7)
  13 fire vortices
418 creatures vanquished.

Vanquished Creatures (others)
  An eldritch tentacle (Pan)
  A soul eater (Abyss:2)
  3 smoke demons (Pan)
  An unseen horror (D:11)
  A merfolk (Shoals:2)
  1125 fire vortices
  30 fulminant prisms
  4 starspawn tentacles
  16 tentacles
1182 creatures vanquished.

Grand Total: 5116 creatures vanquished

Notes
Turn   | Place    | Note
-------+----------+-------------------------------------------
     0 | D:1      | Querens the Deep Elf Conjurer began the quest for the Orb.
     0 | D:1      | Reached XP level 1. HP: 10/10 MP: 6/6
   140 | D:1      | Reached XP level 2. HP: 12/15 MP: 1/8
   151 | D:1      | Learned a level 2 spell: Searing Ray
   642 | D:2      | Reached skill level 5 in Conjurations
   642 | D:2      | Reached XP level 3. HP: 19/19 MP: 2/10
   709 | D:2      | Noticed Natasha
   712 | D:2      | Killed Natasha
   725 | D:2      | Noticed Natasha
   728 | D:2      | Killed Natasha
   729 | D:2      | Reached XP level 4. HP: 24/24 MP: 3/12
   886 | D:2      | Reached skill level 5 in Spellcasting
  1092 | D:3      | Identified the +7 hand axe "Dukla" {speed, rElec}
  1328 | D:3      | Reached XP level 5. HP: 23/28 MP: 8/14
  1731 | D:4      | Reached XP level 6. HP: 27/32 MP: 7/17
  1739 | D:4      | Learned a level 4 spell: Iskenderun's Mystic Blast
  1744 | D:4      | Learned a level 4 spell: Fulminant Prism
  1843 | D:4      | Noticed Robin
  1843 | D:4      | Noticed Ijyb
  1864 | D:4      | Killed Ijyb
  1865 | D:4      | Reached skill level 1 in Translocations
  1970 | D:4      | Killed Robin
  2055 | D:4      | Found a large runed translucent door.
  2056 | D:4      | Found a large runed translucent door.
  2057 | D:4      | Noticed Colgate's ghost (novice MeNe)
  2103 | D:5      | Entered Level 5 of the Dungeon
  2261 | D:5      | Noticed a water moccasin
  2291 | D:5      | Reached XP level 7. HP: 36/36 MP: 15/19
  2625 | D:5      | Found a staircase to the Ecumenical Temple.
  2637 | Temple   | Entered the Ecumenical Temple
  2700 | D:5      | Found Husm's Antique Armour Shop.
  2775 | D:5      | Bought a runed helmet for 217 gold pieces
  2882 | D:5      | Found a shimmering blue altar of Sif Muna.
  3026 | D:6      | Noticed Duvessa
  3026 | D:6      | Noticed Dowan
  3058 | D:5      | Killed Dowan
  3060 | D:5      | Killed Duvessa
  3061 | D:5      | Reached XP level 8. HP: 31/41 MP: 0/22
  3140 | D:6      | Found an ancient bone altar of Kikubaaqudgha.
  3699 | D:7      | Reached skill level 5 in Translocations
  3880 | D:7      | Found a radiant altar of Vehumet.
  3886 | D:7      | Became a worshipper of Vehumet
  3918 | D:7      | Noticed a hornet
  3921 | D:7      | Killed a hornet
  3922 | D:7      | Reached skill level 10 in Spellcasting
  3952 | D:7      | Reached XP level 9. HP: 28/45 MP: 12/25
  3980 | D:7      | Noticed Joseph
  3991 | D:7      | Joseph changed into Joseph the naga
  3991 | D:7      | Noticed Joseph
  3996 | D:7      | Killed Joseph the naga
  4230 | D:8      | Noticed Maurice
  4232 | D:8      | Maurice changed into Maurice the jelly
  4232 | D:8      | Noticed Maurice
  4235 | D:8      | Killed Maurice the jelly
  4371 | D:8      | Reached * piety under Vehumet
  4371 | D:8      | Offered knowledge of Foxfire by Vehumet.
  4434 | D:8      | Found a sand-covered staircase.
  4446 | Ossuary  | Entered an ossuary
  4592 | Ossuary  | Reached ** piety under Vehumet
  4592 | Ossuary  | Offered knowledge of Kiss of Death by Vehumet.
  4593 | Ossuary  | Reached skill level 10 in Conjurations
  4631 | Ossuary  | Noticed a silent spectre
  5075 | D:8      | Found a snail-covered altar of Cheibriados.
  5154 | D:9      | Reached XP level 10. HP: 41/50 MP: 21/27
  5275 | D:9      | Found an iron altar of Okawaru.
  5319 | D:9      | Found a blossoming altar of Fedhas.
  5466 | D:9      | Noticed a two-headed ogre
  5474 | D:9      | Killed a two-headed ogre
  5474 | D:9      | Offered knowledge of Inner Flame by Vehumet.
  5496 | D:9      | Reached *** piety under Vehumet
  5666 | D:9      | Found an ornate altar of the Wu Jian Council.
  5799 | D:10     | Entered Level 10 of the Dungeon
  5899 | D:10     | Offered knowledge of Stone Arrow by Vehumet.
  5928 | D:10     | Found a burning altar of Makhleb.
  5938 | D:10     | Learned a level 5 spell: Iskenderun's Battlesphere
  5944 | D:10     | Learned a level 5 spell: Fireball
  5952 | D:10     | Learned a level 7 spell: Orb of Destruction
  5960 | D:10     | Noticed a gargoyle
  5967 | D:10     | Killed a gargoyle
  6041 | D:10     | Reached XP level 11. HP: 48/54 MP: 23/30
  6042 | D:10     | Reached skill level 10 in Translocations
  6109 | D:10     | Identified the amulet "Rahoqar" {Reflect +Blink Regen+
                  | Int+4 SH+5 Stlth-}
  6139 | D:10     | Reached **** piety under Vehumet
  6200 | D:10     | Found a flagged portal.
  6201 | D:10     | Offered knowledge of Olgreb's Toxic Radiance by Vehumet.
  6206 | Bailey   | Entered a bailey
  6249 | Bailey   | Found a large runed translucent door.
  6249 | Bailey   | Found a large runed translucent door.
  6250 | Bailey   | Noticed a deep elf zephyrmancer
  6252 | Bailey   | Found the -2 hat of the Alchemist {rElec rPois rF+ rC+ rN+
                  | Will+ rMut rCorr}
  6266 | Bailey   | Noticed an orc knight
  6273 | Bailey   | Killed an orc knight
  6298 | Bailey   | Killed a deep elf zephyrmancer
  6431 | D:10     | Noticed a two-headed ogre
  6442 | D:10     | Killed a two-headed ogre
  6520 | D:11     | Noticed Erica
  6525 | D:11     | Killed Erica
  6535 | D:11     | Noticed Lodul
  6648 | D:11     | Reached skill level 15 in Spellcasting
  6784 | D:11     | Reached ***** piety under Vehumet
  6914 | D:11     | Found a staircase to the Lair.
  6941 | D:11     | Offered knowledge of Irradiate by Vehumet.
  6950 | D:11     | Noticed Nergalle
  6954 | D:11     | Killed Nergalle
  6955 | D:11     | Reached XP level 12. HP: 59/59 MP: 27/33
  7024 | D:11     | Noticed a two-headed ogre
  7030 | D:11     | Killed a two-headed ogre
  7129 | D:11     | Killed Lodul
  7334 | D:12     | Reached skill level 1 in Fighting
  7338 | D:12     | Found a gate leading to a gauntlet.
  7518 | Gauntlet | Entered a Gauntlet
  7518 | Gauntlet | Found a transporter.
  7518 | Gauntlet | Found a transporter.
  7518 | Gauntlet | Found a transporter.
  7526 | Gauntlet | Found a transporter.
  7540 | Gauntlet | Found a transporter.
  7544 | Gauntlet | Found a transporter.
  7558 | Gauntlet | Found a transporter.
  7558 | Gauntlet | Noticed a catoblepas
  7648 | Gauntlet | Found a transporter.
  7650 | Gauntlet | Found a transporter.
  7658 | Gauntlet | Found a transporter.
  7662 | Gauntlet | Found a transporter.
  7672 | Gauntlet | Found a transporter.
  7836 | Gauntlet | Identified the staff of air "Elle" {Drain Fly rElec rC-
                  | rCorr}
  7853 | Gauntlet | Killed a catoblepas
  7890 | Gauntlet | Learned a level 3 spell: Mephitic Cloud
  7905 | Gauntlet | Identified the +7 great sword of Inflation {venom, rC+}
  7905 | Gauntlet | Noticed a minotaur
  7916 | Gauntlet | Killed a minotaur
  7923 | Gauntlet | Identified the staff of earth "Suyny" {MP+9 Str+2 Stlth-}
  8069 | D:12     | Found a staircase to the Orcish Mines.
  8245 | Orc:1    | Entered Level 1 of the Orcish Mines
  8251 | Orc:1    | Reached skill level 15 in Conjurations
  8263 | Orc:1    | Noticed an ettin
  8268 | Orc:1    | Killed an ettin
  8269 | Orc:1    | Reached XP level 13. HP: 69/69 MP: 36/36
  8304 | Orc:1    | Offered knowledge of Ozocubu's Refrigeration by Vehumet.
  8419 | Orc:1    | Noticed Snorg
  8425 | Orc:1    | Reached skill level 1 in Shields
  8427 | Orc:1    | Killed Snorg
  8617 | Orc:2    | Entered Level 2 of the Orcish Mines
  8856 | Orc:2    | Noticed Nessos
  8864 | Orc:2    | Killed Nessos
  8904 | Orc:2    | Found a staircase to the Elven Halls.
  9022 | Orc:2    | Noticed an ettin
  9025 | Orc:2    | Killed an ettin
  9038 | Orc:2    | Offered knowledge of Yara's Violent Unravelling by Vehumet.
  9186 | Orc:2    | Reached skill level 5 in Fighting
  9338 | Orc:2    | Found Puciuczask's Jewellery Emporium.
  9338 | Orc:2    | Found Iwidghya's General Store.
  9339 | Orc:2    | Found Wiecaepo's Antique Armour Emporium.
  9339 | Orc:2    | Found Axomeept's Armour Shoppe.
  9354 | Orc:2    | Bought a scroll of fog for 44 gold pieces
  9357 | Orc:2    | Bought a shiny buckler for 210 gold pieces
  9622 | Lair:1   | Entered Level 1 of the Lair of Beasts
  9734 | Lair:1   | Identified 2 scrolls of acquirement
  9735 | Lair:1   | Acquired a book of Air
  9737 | Lair:1   | Acquired a book of the Earth
  9763 | Lair:1   | Learned a level 3 spell: Swiftness
  9778 | Lair:1   | Found a glowing silver altar of Zin.
  9975 | Lair:1   | Noticed Harold
  9980 | Lair:1   | Killed Harold
  9996 | Lair:1   | Noticed Maggie
 10002 | Lair:1   | Killed Maggie
 10183 | Lair:2   | Reached ****** piety under Vehumet
 10492 | Lair:2   | Reached XP level 14. HP: 79/79 MP: 38/38
 10512 | Lair:2   | Found a staircase to the Snake Pit.
 10692 | Lair:2   | Found a dark tunnel.
 10701 | Volcano  | Entered a volcano
 10976 | Lair:3   | Offered knowledge of Plasma Beam by Vehumet.
 11164 | Lair:3   | Reached skill level 5 in Shields
 11326 | Lair:3   | Learned a level 6 spell: Plasma Beam
 11367 | Lair:3   | Found a staircase to the Shoals.
 11904 | Lair:4   | Found a frozen archway.
 11915 | IceCv    | Entered an ice cave
 11937 | IceCv    | Noticed a quicksilver ooze
 11939 | IceCv    | Killed a quicksilver ooze
 11976 | IceCv    | Noticed a quicksilver ooze
 11982 | IceCv    | Killed a quicksilver ooze
 12016 | IceCv    | Noticed a quicksilver ooze
 12018 | IceCv    | Killed a quicksilver ooze
 12097 | IceCv    | Found a viscous altar of Jiyva.
 12097 | IceCv    | Noticed an azure jelly
 12104 | IceCv    | Killed an azure jelly
 12179 | IceCv    | Noticed a quicksilver ooze
 12182 | IceCv    | Killed a quicksilver ooze
 12419 | Lair:5   | Entered Level 5 of the Lair of Beasts
 12462 | Lair:5   | Offered knowledge of Starburst by Vehumet.
 12550 | Lair:5   | Learned a level 6 spell: Starburst
 12581 | Lair:5   | Identified the amulet of Ritixuock {RegenMP -Tele rElec
                  | rPois Str+5}
 12583 | Lair:5   | Reached skill level 1 in Fire Magic
 12593 | Lair:5   | Reached XP level 15. HP: 70/88 MP: 27/40
 12604 | Lair:5   | Found a corrupted altar of Lugonu.
 12616 | Lair:5   | Found a one-way gate to the infinite horrors of the Abyss.
 12714 | Lair:5   | Found a staircase to the Slime Pits.
 13162 | Snake:1  | Entered Level 1 of the Snake Pit
 13336 | Snake:1  | Offered knowledge of Freezing Cloud by Vehumet.
 13666 | Snake:2  | Reached skill level 5 in Fire Magic
 13709 | Snake:2  | Identified the +1 pair of gloves "Neewkaxe" {Rampage rC+}
 13838 | Snake:2  | Noticed a nagaraja
 13855 | Snake:2  | Killed a nagaraja
 13971 | Snake:2  | Noticed Agnes
 13976 | Snake:2  | Killed Agnes
 14383 | Snake:3  | Found the +5 demon whip "Spellbinder" {antimagic, disrupt,
                  | Will+}
 14503 | Snake:3  | Reached XP level 16. HP: 91/96 MP: 35/43
 14638 | Snake:3  | Offered knowledge of Ignition by Vehumet.
 14653 | Snake:3  | Learned a level 8 spell: Ignition
 14848 | Snake:3  | Noticed Kirke
 14868 | Snake:3  | Killed Kirke
 14984 | Snake:3  | Found Utzohux's General Store.
 14990 | Snake:3  | Bought a potion of ambrosia for 120 gold pieces
 15139 | Snake:4  | Entered Level 4 of the Snake Pit
 15232 | Snake:4  | Reached skill level 10 in Fighting
 15349 | Snake:4  | Found a bloodstained altar of Trog.
 15601 | Snake:4  | Found a hazy altar of Hepliaklqana.
 15825 | Snake:4  | Offered knowledge of Fire Storm by Vehumet.
 15825 | Snake:4  | Offered knowledge of Chain Lightning by Vehumet.
 15825 | Snake:4  | Offered knowledge of Polar Vortex by Vehumet.
 15860 | Snake:4  | Reached XP level 17. HP: 102/102 MP: 31/45
 15878 | Snake:4  | Reached skill level 10 in Fire Magic
 16008 | Snake:4  | Got a serpentine rune of Zot
 16213 | Shoals:1 | Entered Level 1 of the Shoals
 16583 | Shoals:1 | Identified the +4 scale mail of Altruism {rC+ Stlth+}
 16599 | Shoals:1 | Found a flickering gateway to a bazaar.
 16608 | Bazaar   | Entered a bazaar
 16608 | Bazaar   | Found Junuc Hared's Weapon Shoppe.
 16608 | Bazaar   | Found Lavecep's Magic Scroll Emporium.
 16608 | Bazaar   | Found Tavvihewk's Weapon Emporium.
 16634 | Bazaar   | Bought a scroll of identify for 20 gold pieces
 16634 | Bazaar   | Bought a scroll of blinking for 75 gold pieces
 16634 | Bazaar   | Bought a scroll of vulnerability for 40 gold pieces
 16634 | Bazaar   | Bought a scroll of magic mapping for 75 gold pieces
 16634 | Bazaar   | Bought a scroll of fear for 40 gold pieces
 16634 | Bazaar   | Bought a scroll of enchant armour for 75 gold pieces
 16931 | Shoals:2 | Noticed Mlioglotl
 16937 | Shoals:2 | Killed Mlioglotl
 16962 | Shoals:2 | Noticed Nikola
 16967 | Shoals:2 | Killed Nikola
 17187 | Shoals:3 | Found a runed translucent gate.
 17187 | Shoals:3 | Found a runed translucent gate.
 17187 | Shoals:3 | Found a runed translucent gate.
 17242 | Shoals:3 | Identified the +1 robe "Berr" {+Blink rPois}
 17244 | Shoals:3 | Identified the ring "Cigonomp" {Fire Drain Will+ rCorr
                  | Dex+6}
 17605 | Shoals:4 | Entered Level 4 of the Shoals
 17785 | Shoals:4 | Learned a level 9 spell: Fire Storm
 17882 | Shoals:4 | Identified the +7 orcbow "Katwees" {flame, Fragile rN+
                  | rCorr Str+2}
 17898 | Shoals:4 | Noticed a kraken
 17910 | Shoals:4 | Killed a kraken
 17989 | Shoals:4 | Reached XP level 18. HP: 107/107 MP: 47/47
 18392 | Shoals:4 | Got a barnacled rune of Zot
 18565 | Slime:1  | Entered Level 1 of the Pits of Slime
 18773 | Slime:3  | Noticed Dissolution
 18777 | Slime:3  | Killed Dissolution
 18965 | Slime:2  | Found a viscous altar of Jiyva.
 19265 | Slime:1  | Found a viscous altar of Jiyva.
 19969 | Slime:5  | Entered Level 5 of the Pits of Slime
 19991 | Slime:5  | Noticed the Royal Jelly
 20074 | Slime:5  | Reached XP level 19. HP: 112/112 MP: 50/50
 20276 | Slime:5  | Killed the Royal Jelly
 20308 | Slime:5  | Identified the +7 morningstar "Vocruwim" {drain, Dex+4}
 20310 | Slime:5  | Identified the +7 dagger "Touwoh" {spect, rC+}
 20313 | Slime:5  | Identified the ring of the Townfolk {rPois rCorr Dex+2
                  | Slay+2}
 20340 | Slime:5  | Got a slimy rune of Zot
 20345 | Slime:5  | Identified the +6 whip of the Penguin {speed, rC+ Int+3}
 20373 | Slime:5  | Identified the staff of conjuration "Kudinio" {rF- rCorr
                  | Str-5 Stlth+}
 20383 | Slime:5  | Identified the staff of earth "Zydghousk" {Str+3}
 20776 | D:5      | Bought a warped kite shield for 275 gold pieces
 20776 | D:5      | Identified the +0 kite shield of the Snail {Rampage rF-
                  | Int+2 Dex+4} (You bought it in a shop on level 5 of the
                  | Dungeon)
 21366 | D:13     | Reached skill level 15 in Fire Magic
 21550 | D:14     | Found a gate to the Vaults.
 21857 | D:14     | Learned a level 6 spell: Statue Form
 21895 | Vaults:1 | Entered Level 1 of the Vaults
 21895 | Vaults:1 | Found Maucinn's Magic Scroll Boutique.
 21897 | Vaults:1 | Identified the +1 robe of Impressiveness {+Inv rPois Str-2}
 21931 | Vaults:1 | Identified the ring "Bige Wadgh" {Wiz rElec rN+ Will+
                  | Stlth-}
 21934 | Vaults:1 | Reached skill level 1 in Earth Magic
 21959 | Vaults:1 | Bought a scroll of magic mapping for 127 gold pieces
 21977 | Vaults:1 | Acquired 673 gold pieces
 23001 | Vaults:2 | Found Ziarosh's Assorted Antiques.
 23014 | Vaults:2 | Bought a potion of heal wounds for 140 gold pieces
 23014 | Vaults:2 | Bought an ancient cloak for 266 gold pieces
 23014 | Vaults:2 | Identified the +2 cloak of Optimism {rCorr SInv} (You
                  | bought it in a shop on level 2 of the Vaults)
 23139 | Vaults:2 | Reached skill level 5 in Earth Magic
 23149 | Vaults:2 | Noticed Mara
 23156 | Vaults:2 | Gained mutation: You are frail. (-10% HP) [mutagenic glow]
 23164 | Vaults:2 | Killed Mara
 23165 | Vaults:2 | Reached XP level 20. HP: 105/105 MP: 13/52
 23168 | Vaults:2 | Gained mutation: You are very frail. (-20% HP) [mutagenic
                  | glow]
 23184 | Vaults:2 | Lost mutation: You are very frail. (-20% HP) [potion of
                  | mutation]
 23184 | Vaults:2 | Lost mutation: You are frail. (-10% HP) [potion of
                  | mutation]
 23184 | Vaults:2 | Gained mutation: You have large cloven feet. [potion of
                  | mutation]
 23184 | Vaults:2 | Gained mutation: Your mind is acute. (Int +4, Str/Dex -1)
                  | [potion of mutation]
 23184 | Vaults:2 | Gained mutation: You are agile. (Dex +4, Str/Int -1)
                  | [potion of mutation]
 23742 | Vaults:2 | Learned a level 8 spell: Necromutation
 23850 | Vaults:3 | Reached skill level 1 in Necromancy
 23850 | Vaults:3 | Reached skill level 1 in Transmutations
 24201 | Vaults:3 | Found a staircase to the Crypt.
 24223 | Vaults:3 | Reached skill level 5 in Necromancy
 24227 | Vaults:3 | Reached skill level 27 in Spellcasting
 24239 | Vaults:3 | Reached skill level 5 in Transmutations
 24245 | Vaults:3 | Found Dearaxy's Antique Armour Emporium.
 24245 | Vaults:3 | Found Sutig's General Store.
 24254 | Vaults:3 | Found Keisiasm's Distillery.
 24292 | Vaults:3 | Identified the +4 long sword "Boaxuy" {flame, Drain Fly
                  | rPois rF-}
 24303 | Vaults:3 | Bought the sphere of Battle for 3040 gold pieces
 24303 | Vaults:3 | Found the sphere of Battle
 24325 | Vaults:3 | Bought a potion of curing for 42 gold pieces
 24325 | Vaults:3 | Bought a potion of curing for 42 gold pieces
 24325 | Vaults:3 | Bought a potion of curing for 42 gold pieces
 24325 | Vaults:3 | Bought a potion of heal wounds for 70 gold pieces
 24325 | Vaults:3 | Bought a potion of curing for 42 gold pieces
 24325 | Vaults:3 | Bought a potion of heal wounds for 70 gold pieces
 24325 | Vaults:3 | Bought a potion of heal wounds for 70 gold pieces
 24607 | Vaults:3 | Identified the +6 scale mail of the Three of Cups {rC+}
 24973 | Vaults:4 | Reached XP level 21. HP: 119/122 MP: 54/54
 25035 | Vaults:4 | Found Huli Yju's Weapon Boutique.
 25521 | Vaults:5 | Entered Level 5 of the Vaults
 25524 | Vaults:5 | Reached skill level 10 in Necromancy
 25529 | Vaults:5 | Reached skill level 10 in Transmutations
 25558 | Vaults:5 | Noticed a dread lich
 25560 | Vaults:5 | Killed a dread lich
 25782 | Vaults:5 | Reached XP level 22. HP: 107/127 MP: 30/55
 25855 | Vaults:5 | Noticed a dread lich
 25862 | Vaults:5 | Killed a dread lich
 25902 | Vaults:5 | Found Takkaeroin's Magic Scroll Shoppe.
 25906 | Vaults:5 | Found Boogg's Distillery.
 26037 | Vaults:5 | Found Fyast's Jewellery Boutique.
 26047 | Vaults:5 | Got a silver rune of Zot
 26161 | Vaults:5 | Found Zeat's Distillery.
 26163 | Vaults:5 | Found Tufitim's Antique Armour Shop.
 26574 | Vaults:5 | Bought a potion of haste for 190 gold pieces
 26574 | Vaults:5 | Bought a potion of resistance for 190 gold pieces
 26574 | Vaults:5 | Bought a potion of magic for 152 gold pieces
 26574 | Vaults:5 | Bought a potion of haste for 190 gold pieces
 26578 | Vaults:5 | Bought a sapphire-encrusted leather armour for 147 gold
                  | pieces
 26578 | Vaults:5 | Identified the +0 leather armour of Asceticism {rC+ rCorr
                  | Int+5 Dex-5} (You bought it in a shop on level 5 of the
                  | Vaults)
 26633 | Vaults:5 | Bought a scroll of fog for 80 gold pieces
 26633 | Vaults:5 | Bought a scroll of blinking for 150 gold pieces
 26640 | Vaults:5 | Bought a potion of enlightenment for 90 gold pieces
 26640 | Vaults:5 | Bought a potion of lignification for 54 gold pieces
 26640 | Vaults:5 | Bought 2 potions of heal wounds for 180 gold pieces
 26640 | Vaults:5 | Bought a potion of curing for 54 gold pieces
 26640 | Vaults:5 | Bought a potion of curing for 54 gold pieces
 26719 | Crypt:1  | Entered Level 1 of the Crypt
 26780 | Crypt:1  | Reached skill level 15 in Necromancy
 27035 | Crypt:3  | Entered Level 3 of the Crypt
 27102 | Crypt:3  | Found a staircase to the Tomb.
 27212 | Tomb:1   | Entered Level 1 of the Tomb of the Ancients
 27336 | Tomb:1   | Noticed a royal mummy
 27339 | Tomb:1   | Killed a royal mummy
 27340 | Tomb:1   | Reached skill level 5 in Dodging
 27517 | Tomb:2   | Noticed a royal mummy
 27517 | Tomb:2   | Noticed a royal mummy
 27518 | Tomb:2   | Noticed a royal mummy
 27518 | Tomb:2   | Noticed a royal mummy
 27520 | Tomb:2   | Killed a royal mummy
 27523 | Tomb:2   | Killed a royal mummy
 27524 | Tomb:2   | Killed a royal mummy
 27525 | Tomb:2   | Reached XP level 23. HP: 133/133 MP: 49/56
 27527 | Tomb:2   | Killed a royal mummy
 27788 | Tomb:1   | Noticed a royal mummy
 27791 | Tomb:1   | Killed a royal mummy
 27791 | Tomb:1   | Killed a royal mummy
 27793 | Tomb:1   | Killed a royal mummy
 27802 | Tomb:1   | Killed a royal mummy
 27811 | Tomb:1   | Noticed a royal mummy
 27817 | Tomb:1   | Killed a royal mummy
 27828 | Tomb:1   | Noticed a royal mummy
 27831 | Tomb:1   | Killed a royal mummy
 27884 | Tomb:1   | Noticed a royal mummy
 27887 | Tomb:1   | Killed a royal mummy
 28000 | Tomb:1   | Noticed a royal mummy
 28004 | Tomb:1   | Killed a royal mummy
 28033 | Tomb:1   | Noticed a royal mummy
 28036 | Tomb:1   | Killed a royal mummy
 28038 | Tomb:1   | Killed a royal mummy
 28041 | Tomb:1   | Noticed a royal mummy
 28044 | Tomb:1   | Killed a royal mummy
 28051 | Tomb:1   | Noticed a royal mummy
 28051 | Tomb:1   | Noticed a royal mummy
 28053 | Tomb:1   | Killed a royal mummy
 28056 | Tomb:1   | Killed a royal mummy
 28100 | Tomb:1   | Noticed a royal mummy
 28104 | Tomb:1   | Killed a royal mummy
 28105 | Tomb:1   | Noticed a royal mummy
 28109 | Tomb:1   | Killed a royal mummy
 28117 | Tomb:1   | Noticed a royal mummy
 28120 | Tomb:1   | Killed a royal mummy
 28139 | Tomb:1   | Noticed a royal mummy
 28142 | Tomb:1   | Killed a royal mummy
 28168 | Tomb:1   | Noticed a royal mummy
 28176 | Tomb:1   | Killed a royal mummy
 28184 | Tomb:1   | Noticed a royal mummy
 28202 | Tomb:1   | Killed a royal mummy
 28219 | Tomb:1   | Noticed a royal mummy
 28224 | Tomb:1   | Killed a royal mummy
 28230 | Tomb:1   | Noticed a royal mummy
 28233 | Tomb:1   | Killed a royal mummy
 28287 | Tomb:1   | Noticed a royal mummy
 28293 | Tomb:1   | Killed a royal mummy
 28422 | Tomb:2   | Reached skill level 10 in Dodging
 28514 | Tomb:3   | Entered Level 3 of the Tomb of the Ancients
 28530 | Tomb:3   | Reached XP level 24. HP: 142/142 MP: 56/56
 28542 | Tomb:3   | Killed a royal mummy
 28542 | Tomb:3   | Killed a royal mummy
 28542 | Tomb:3   | Noticed Khufu
 28543 | Tomb:3   | Killed a royal mummy
 28543 | Tomb:3   | Noticed a royal mummy
 28544 | Tomb:3   | Killed Khufu
 28544 | Tomb:3   | Killed a royal mummy
 28544 | Tomb:3   | Killed a royal mummy
 28544 | Tomb:3   | Noticed a royal mummy
 28544 | Tomb:3   | Noticed a royal mummy
 28545 | Tomb:3   | Killed a royal mummy
 28545 | Tomb:3   | Killed a royal mummy
 28546 | Tomb:3   | Noticed a royal mummy
 28551 | Tomb:3   | Killed a royal mummy
 28586 | Tomb:3   | Identified the ring of Paranoia {Fire Str+3}
 28624 | Tomb:3   | Identified the +9 battleaxe of Linearity {venom, rC++ Str+3
                  | Int+4 Stlth-}
 28656 | Tomb:3   | Identified the amulet of Noivvorgh {Spirit Str+5}
 28659 | Tomb:3   | Found the +8 trishula "Condemnation" {holy, anguish, *Noise
                  | Fly rN+}
 28663 | Tomb:3   | Identified the amulet "Kinkah Ymiuk" {Rampage Regen+ rCorr
                  | Str+3 Dex-4}
 28670 | Tomb:3   | Identified the staff of air "Luwed" {rElec Int+4 Dex-3}
 28674 | Tomb:3   | Identified the amulet of the Oily God {Regen+ Str+4}
 28683 | Tomb:3   | Identified the staff of cold "Xyoj" {rC+ Str+4}
 28745 | Tomb:3   | Got a golden rune of Zot
 29144 | D:15     | Entered Level 15 of the Dungeon
 29185 | D:15     | Found Bovvatue's Distillery.
 29190 | D:15     | Bought a potion of heal wounds for 65 gold pieces
 29190 | D:15     | Bought a potion of magic for 104 gold pieces
 29190 | D:15     | Bought a potion of haste for 130 gold pieces
 29190 | D:15     | Bought 2 potions of mutation for 208 gold pieces
 29197 | D:15     | Noticed Azrael
 29203 | D:15     | Killed Azrael
 29295 | D:15     | Found a stormy altar of Qazlal.
 29435 | D:15     | Found Qoamoxete's Weapon Shoppe.
 29470 | D:15     | Found Onealiuf's General Store.
 29478 | D:15     | Bought a scroll of blinking for 120 gold pieces
 29593 | D:15     | Found a staircase to the Depths.
 29620 | Depths:1 | Entered Level 1 of the Depths
 29655 | Depths:1 | Learned a level 9 spell: Polar Vortex
 29832 | Depths:1 | Found Feposio's Assorted Antiques.
 29874 | Depths:1 | Bought a potion of brilliance for 136 gold pieces
 29924 | Depths:1 | Found a runed translucent door.
 29926 | Depths:1 | Noticed Uloys's ghost (adept MiBe)
 29985 | Depths:1 | Killed Uloys's ghost
 30027 | Depths:1 | Found Jonuem's Vocational Training.
 30112 | Depths:1 | Found a magical portal.
 30117 | WizLab   | Entered Alistair's Party Mansion
 30127 | WizLab   | Reached skill level 5 in Ice Magic
 30227 | WizLab   | Got Eringya's Directory of Mutable Putrescence
 30334 | WizLab   | Acquired 836 gold pieces
 30593 | Depths:1 | Found a gateway to Hell.
 30804 | Depths:1 | Voluntarily entered the Abyss.
 30830 | Abyss:1  | Found a corrupted altar of Lugonu.
 31053 | Abyss:3  | Found a corrupted altar of Lugonu.
 31089 | Abyss:3  | Found a corrupted altar of Lugonu.
 31089 | Abyss:3  | Found a corrupted altar of Lugonu.
 31095 | Abyss:3  | Found a corrupted altar of Lugonu.
 31104 | Abyss:3  | Found a corrupted altar of Lugonu.
 31119 | Abyss:3  | Found a corrupted altar of Lugonu.
 31157 | Abyss:3  | Reached XP level 25. HP: 96/152 MP: 21/56
 31194 | Abyss:3  | Reached skill level 10 in Ice Magic
 31297 | Abyss:3  | Got an abyssal rune of Zot
 31334 | Depths:1 | Escaped the Abyss
 31455 | Depths:2 | Found a one-way gate leading to the halls of Pandemonium.
 31593 | Depths:2 | Noticed a juggernaut
 31597 | Depths:2 | Killed a juggernaut
 31615 | Depths:2 | Learned a level 8 spell: Lehudib's Crystal Spear
 31628 | Depths:2 | Learned a level 7 spell: Spellforged Servitor
 32015 | Depths:2 | Found Ytaw's Antique Weapon Boutique.
 32116 | Pan      | Entered Pandemonium
 32169 | Pan      | Reached skill level 15 in Ice Magic
 32172 | Pan      | Noticed Useuxkod the pandemonium lord
 32180 | Pan      | Killed Useuxkod the pandemonium lord
 32312 | Pan      | Got a demonic rune of Zot
 32406 | Pan      | Reached skill level 1 in Summonings
 32452 | Pan      | Reached skill level 5 in Summonings
 32456 | Pan      | Noticed Antiseo the pandemonium lord
 32472 | Pan      | Killed Antiseo the pandemonium lord
 32544 | Pan      | Found an exit through the horrors of the Abyss.
 32578 | Pan      | Identified the ring "Focs" {rF- Str+3 Dex+6 Stlth+}
 32623 | Pan      | Noticed Mennas
 32630 | Pan      | Killed Mennas
 32813 | Pan      | Reached XP level 26. HP: 158/158 MP: 56/56
 32977 | Pan      | Noticed Feugusto the pandemonium lord
 32985 | Pan      | Killed Feugusto the pandemonium lord
 33066 | Pan      | Noticed Qadaich the pandemonium lord
 33074 | Pan      | Killed Qadaich the pandemonium lord
 33144 | Pan      | Noticed Wyff the pandemonium lord
 33152 | Pan      | Killed Wyff the pandemonium lord
 33210 | Pan      | Noticed Samn the pandemonium lord
 33560 | Pan      | Identified the +1 chain mail of the Dice {SInv}
 34077 | Pan      | Found a transporter.
 34190 | Pan      | Entered the realm of Gloorx Vloq.
 34194 | Pan      | Noticed Gloorx Vloq
 34363 | Pan      | Found an exit through the horrors of the Abyss.
 34380 | Pan      | Acquired the ring "Qurchuko" {rPois rF++ rC+ MP+9 Dex+6}
 34774 | Pan      | Killed Gloorx Vloq
 34797 | Pan      | Got a dark rune of Zot
 34816 | Pan      | Upgraded the game from 0.31-a0-112-gdf0485fa37 to
                  | 0.31-a0-115-g4708a659fe
 34843 | Pan      | Entered the realm of Mnoleg.
 34887 | Pan      | Reached skill level 10 in Summonings
 35093 | Pan      | Noticed Mnoleg
 35099 | Pan      | Killed Mnoleg
 35106 | Pan      | Got a glowing rune of Zot
 35595 | Pan      | Reached XP level 27. HP: 163/163 MP: 56/56
 35787 | Pan      | Noticed Kuuxkoaq the pandemonium lord
 35792 | Pan      | Killed Kuuxkoaq the pandemonium lord
 35891 | Pan      | Identified the +7 hand axe "Bybbukhloug" {holy, rC+ rN+++
                  | Will+ Dex-3}
 35904 | Pan      | Noticed Feshrol the pandemonium lord
 35908 | Pan      | Killed Feshrol the pandemonium lord
 35968 | Pan      | Identified the +1 plate armour of Darkness {rN++}
 36174 | Pan      | Entered the realm of Lom Lobon.
 36468 | Pan      | Noticed Lom Lobon
 36476 | Pan      | Killed Lom Lobon
 36485 | Pan      | Got a magical rune of Zot
 36587 | Pan      | Entered the realm of Cerebov.
 36642 | Pan      | Identified the +4 mace of Lusysch {drain, rN+}
 36709 | Pan      | Reached skill level 10 in Earth Magic
 36772 | Pan      | Found the +6 sword of Cerebov {flame}
 36772 | Pan      | Noticed Cerebov
 36783 | Pan      | Killed Cerebov
 36804 | Pan      | Reached skill level 27 in Conjurations
 36839 | Pan      | Identified the staff of earth "Seupidax" {Will+ Int-3
                  | Dex+3}
 36880 | Pan      | Got a fiery rune of Zot
 37288 | Pan      | Noticed Puetzip the pandemonium lord
 37291 | Pan      | Killed Puetzip the pandemonium lord
 37477 | Pan      | Found an exit through the horrors of the Abyss.
 37592 | Pan      | Noticed Keotesk the pandemonium lord
 37593 | Pan      | Killed Keotesk the pandemonium lord
 37648 | Pan      | Noticed Yscheex the pandemonium lord
 37654 | Pan      | Killed Yscheex the pandemonium lord
 37755 | Pan      | Found an exit through the horrors of the Abyss.
 37764 | Pan      | Noticed Kocsyiqo the pandemonium lord
 37767 | Pan      | Killed Kocsyiqo the pandemonium lord
 37793 | Depths:2 | Escaped Pandemonium
 37856 | Hell     | Entered the Vestibule of Hell
 37856 | Hell     | Noticed Geryon
 37862 | Hell     | Killed Geryon
 37980 | Hell     | Reached skill level 15 in Earth Magic
 38013 | Hell     | Found a gateway to the Iron City of Dis.
 38044 | Dis:1    | Entered Level 1 of the Iron City of Dis
 38050 | Dis:1    | Noticed a juggernaut
 38054 | Dis:1    | Killed a juggernaut
 38076 | Dis:1    | Noticed a juggernaut
 38078 | Dis:1    | Killed a juggernaut
 38079 | Dis:1    | Noticed a juggernaut
 38080 | Dis:1    | Killed a juggernaut
 38090 | Dis:1    | Upgraded the game from 0.31-a0-115-g4708a659fe to
                  | 0.31-a0-117-g42d8f58691
 38332 | Dis:2    | Upgraded the game from 0.31-a0-117-g42d8f58691 to
                  | 0.31-a0-142-g31f6795574
 39141 | Dis:7    | Entered Level 7 of the Iron City of Dis
 40153 | Dis:7    | Identified the ring of Greed {rElec rPois Stlth+}
 40170 | Dis:7    | Reached skill level 27 in Fire Magic
 40524 | Dis:7    | Identified the ring "Kudavun" {Will+ Dex+6}
 40526 | Dis:7    | Identified the ring "Cocwues" {Wiz rElec rF+ SInv}
 40577 | Dis:7    | Identified the +4 spear "Jutostrykk" {venom, Will+}
 40716 | Dis:7    | Noticed Dispater
 40726 | Dis:7    | Killed Dispater
 40738 | Dis:7    | Got an iron rune of Zot
 40938 | Hell     | Found a gateway to the ashen valley of Gehenna.
 40961 | Geh:1    | Entered Level 1 of Gehenna
 40970 | Geh:1    | Reached skill level 1 in Armour
 41758 | Geh:6    | Reached skill level 5 in Armour
 41815 | Geh:6    | Reached skill level 15 in Fighting
 41901 | Geh:7    | Entered Level 7 of Gehenna
 42053 | Geh:7    | Reached skill level 15 in Transmutations
 42264 | Geh:7    | Identified the +5 trident of Circular Logic {flame, rPois}
 42523 | Geh:7    | Found the +13 sceptre of Asmodeus
 42523 | Geh:7    | Noticed Asmodeus
 42530 | Geh:7    | Killed Asmodeus
 42543 | Geh:7    | Got an obsidian rune of Zot
 42708 | Hell     | Found a gateway to the decaying netherworld of Tartarus.
 42727 | Tar:1    | Entered Level 1 of Tartarus
 42733 | Tar:1    | Reached skill level 15 in Dodging
 42985 | Tar:3    | Noticed a dread lich
 42988 | Tar:3    | Killed a dread lich
 43273 | Tar:7    | Entered Level 7 of Tartarus
 43692 | Tar:7    | Noticed Ereshkigal
 43695 | Tar:7    | Killed Ereshkigal
 43708 | Tar:7    | Found the +7 great mace "Firestarter" {flame, immolate,
                  | rFlCloud rF++}
 43717 | Tar:7    | Got a bone rune of Zot
 43718 | Tar:7    | Identified the +1 war axe of Dim Light {freeze, Contam
                  | rElec MP+9}
 43721 | Tar:7    | Identified the ring "Vyisefask" {rC+ Will+}
 43885 | Hell     | Found a gateway to the freezing wastes of Cocytus.
 43930 | Coc:1    | Entered Level 1 of Cocytus
 44087 | Coc:2    | Reached skill level 10 in Armour
 44419 | Coc:7    | Entered Level 7 of Cocytus
 44443 | Coc:7    | Noticed the Serpent of Hell
 44448 | Coc:7    | Killed the Serpent of Hell
 44877 | Coc:7    | Identified the ring of Wollopn {rC+ MP+9}
 44953 | Coc:7    | Noticed Antaeus
 44962 | Coc:7    | Killed Antaeus
 44980 | Coc:7    | Got an icy rune of Zot
 45130 | Depths:3 | Found a white marble altar of Elyvilon.
 45261 | Depths:3 | Found Palioqir's Magic Scroll Emporium.
 45295 | Depths:3 | Bought a scroll of magic mapping for 135 gold pieces
 45295 | Depths:3 | Bought a scroll of blinking for 135 gold pieces
 45295 | Depths:3 | Bought a scroll of teleportation for 54 gold pieces
 45295 | Depths:3 | Bought a scroll of amnesia for 72 gold pieces
 45357 | Depths:4 | Entered Level 4 of the Depths
 45408 | Depths:4 | Found a gate to the Realm of Zot.
 45410 | Depths:4 | Noticed Vv
 45415 | Depths:4 | Killed Vv
 45482 | Zot:1    | Entered Level 1 of the Realm of Zot
 46193 | Zot:4    | Found a runed translucent door.
 46204 | Zot:4    | Noticed Adaxemni's ghost (legendary GrFi)
 46279 | Zot:5    | Entered Level 5 of the Realm of Zot
 46392 | Zot:5    | Noticed an orb of fire
 46395 | Zot:5    | Killed a dread lich
 46398 | Zot:5    | Killed an orb of fire
 46428 | Zot:5    | Reached skill level 15 in Armour
 46448 | Zot:5    | Got the Orb of Zot
 46492 | Zot:4    | Noticed an ancient lich
 46502 | Zot:5    | Noticed Nogoddeg the pandemonium lord
 46508 | Zot:5    | Killed Nogoddeg the pandemonium lord
 46900 | D:8      | Noticed Ittyciy the pandemonium lord
 47012 | D:2      | Noticed Natasha
 47032 | D:$      | Escaped with the Orb!

Illustrated notes

Levels and vault maps discovered:
D:1:      ncdulo_watergridlock, layout_basic
D:2:      layout_rooms, uniq_natasha
D:3:      layout_loops_ring
D:4:      layout_basic, ebering_ghost_disaster_area, nicolae_goblin_pals
D:5:      layout_basic, led_sif_book, minmay_temple_entry_statues_pillars,
          serial_shops, shop
D:6:      layout_gridville, tgw_kikubaaqudgha, uniq_duvessa
D:7:      layout_loops_corners, nicolae_vehumet_altar_sigil, uniq_joseph
D:8:      layout_basic, cheibrodos_worm_habitat, nicolae_ossuary_entry_giza,
          uniq_maurice
D:9:      layout_basic, okawaru_ov_weapons_minmay, fedhas_ov_isle_minmay,
          mainiacjoe_overflow_six_doors_small, minmay_misc_feat_plants
D:10:     layout_roguey, mainiacjoe_overflow_boulevard, enter_bailey_4,
          grunt_ministairs_1, lemuel_flamethrower_1
D:11:     layout_small_grid, lair_entry_dummy, uniq_erica, uniq_lodul,
          uniq_nergalle
D:12:     minmay_inside_and_out, layout_basic, minmay_orc_entry_temple_small,
          gauntlet_entry_generic
D:13:     layout_roguey
D:14:     layout_rooms, david_vaults_4, kennysheep_cross_room
D:15:     hangedman_depths_entry_civil_slaughter, layout_stronghold,
          serial_shops, shop, shop_fountains, nicolae_shop_bloodbath_and_beyond,
          chequers_serial_rivers_marsh, nicolae_qazlal_style_of_elements,
          uniq_azrael
Temple:   nicolae_temple_ecumenical_triangle
Lair:1:   layout_long_grid, hangedman_lair_unloving_vines, lemuel_oklob_altar,
          uniq_harold, uniq_maggie
Lair:2:   layout_cave_pods, guppyfry_snake_entry_island, enter_volcano_1,
          chequers_serial_rivers_micro_a, serial_bayou_shore_b
Lair:3:   layout_loops_ring, elwin_shoals_entry_rooms
Lair:4:   lemuel_slime, layout_misc_corridors, portal_ice_cave_rime,
          kilobyte_rumbling_trees
Lair:5:   hellmonk_lair_end_abyssal_woods, layout_loops_ring,
          minmay_slime_entry_oklob_open
Shoals:1: layout_shoals, serial_shops, bzr_entry_safe
Shoals:2: layout_shoals, uniq_nikola, uniq_mlioglotl
Shoals:3: layout_shoals, nicolae_shoals_beach_cooler
Shoals:4: shoals_end_grunt_ice, layout_shoals, nicolae_splish_splash
Snake:1:  layout_rooms
Snake:2:  layout_gridlike, uniq_agnes
Snake:3:  nicolae_sea_snake_s, layout_basic, lemuel_fruit_tree,
          minmay_shop_star, uniq_kirke
Snake:4:  minmay_snake_end_coiled, layout_cave_town, hangedman_feature_mirror
Slime:1:  layout_caves, basic_altar
Slime:2:  layout_caves, basic_altar, cheibrodos_slime_lost_civilization_5
Slime:3:  layout_caves, uniq_dissolution
Slime:4:  layout_caves
Slime:5
Orc:1:    layout_caves, minmay_orc_temple_b, uniq_snorg
Orc:2:    st_orc_pillars, layout_caves, uniq_nessos
Vaults:1: nicolae_vaults_wine_cellar, hangedman_vaults_locks,
          ontoclasm_vaults_gateway, st_check, hangedman_vaults_hat, v_misc_4,
          vaults_room_pool, vaults_room_hallway, nicolae_vaults_diamond_1,
          vaults_room_door_hall, hangedman_vaults_river_flow,
          layout_vaults_omnigrid, serial_shops, nicolae_shop_tiny_waterfront
Vaults:2: v_alt_pattern_6, hangedman_vaults_cutoff,
          nicolae_vaults_windows_and_doors_thing, v_misc_33,
          vaults_room_guarded_vault, nicolae_vaults_tangram_1,
          nicolae_vaults_network_quinsquares
          [nicolae_vaults_network_quincunx_subvault,
          nicolae_vaults_network_quincunx_subvault,
          nicolae_vaults_network_quincunx_subvault,
          nicolae_vaults_network_quincunx_subvault], v_misc_10, v_misc_8,
          nicolae_vaults_little_squares_6, grunt_vaults_hallway_short,
          layout_vaults_ring, serial_shops, nicolae_diamond_shop, uniq_mara
Vaults:3: nicolae_vaults_double_plus_1, vaults_room_pools, v_pattern_4,
          ontoclasm_vaults_twist, nicolae_vaults_shrinking_rooms_2,
          nicolae_vaults_closet_pinwheel_4, hangedman_vaults_hard_town_square,
          grunt_vaults_twisty, nicolae_vaults_yaktaur_gun_rack,
          vaults_room_hallway, nicolae_vaults_sealed_display,
          layout_vaults_omnibox, dummy_crypt_entry
Vaults:4: v_misc_11, v_misc_11, nicolae_vaults_tangram_2,
          vaults_room_semicircle, nicolae_vaults_heart-shaped_vault,
          layout_vaults_chaotic_city, serial_shops, shop
Vaults:5
Crypt:1:  layout_regular_city
Crypt:2:  minmay_guarded_unrand_majin_bo, layout_misc_corridors,
          corexii_leaking_fountain, serial_sigils_hangedman_scratch
Crypt:3:  church_of_pain_bobbens, layout_chaotic_city, serial_glass,
          glass_columns_a, glass_columns_c
Tomb:1
Tomb:2
Tomb:3
Depths:1: layout_small_grid, abyss_entry, hellmonk_ghost_happy_afterlife,
          minmay_tree_intersection, grunt_mini_vestibule, mu_enter_wizlab_1,
          serial_shops, nicolae_shop_overgrown_old_shop, minivault_1,
          nicolae_shop_vocational
Depths:2: minmay_three_patterns, layout_small_grid, grunt_pan_entry_sceptre,
          serial_shops, shop, hell_entry, serial_bayou_shore_b,
          infiniplex_staircase_river, grunt_megastairs_2
Depths:3: dreamdust_merry_men, layout_long_grid, hell_entry, elyvilon_altar_3,
          rand_demon_pan_entry_7, serial_shops, nicolae_shop_trees,
          abyss_entry_flame_altar, beargit_elvish_explorers
Depths:4: grunt_zot_entry_alcove, layout_gridlike, enter_ziggurat_d,
          hellmouth_1, serial_rivers, chequers_serial_rivers_room_b,
          chequers_serial_rivers_small_b, chequers_serial_rivers_room_a,
          chequers_serial_rivers_micro_a, nicolae_the_louvre, minmay_shoptagon,
          uniq_margery, uniq_vv
Hell
Dis:1:    nicolae_hells_titanomachy
Dis:2:    layout_jigsaw
Dis:3:    layout_jigsaw
Dis:4:    layout_regular_city
Dis:5:    layout_jigsaw
Dis:6:    layout_subdivisions
Dis:7:    iron_city_of_dis [dis_grunt, dis_wall_2], layout_gridville,
          nicolae_dis_fourth_circle
Geh:1:    layout_gehenna_lava_caves
Geh:2:    layout_gehenna_pools_box
Geh:3:    layout_gehenna_pools_triple
Geh:4:    layout_gehenna_lava_caves
Geh:5:    layout_gehenna_lava_caves
Geh:6:    layout_gehenna_lava_caves
Geh:7:    geh_grunt_pentagon
Coc:1:    layout_ice_bergs, serial_ice, serial_ice_a, serial_ice_n
Coc:2:    layout_ice_bergs, serial_ice, serial_ice_h
Coc:3:    layout_cocytus_water_paths
Coc:4:    layout_ice_bergs
Coc:5:    layout_cocytus_water_paths
Coc:6:    layout_ice_bergs
Coc:7:    coc_dpeg
Tar:1:    layout_honeycomb, lemuel_nasty_pond
Tar:2:    layout_cathedral_of_symmetry
Tar:3:    layout_cathedral_of_symmetry
Tar:4:    layout_grid_maze
Tar:5:    layout_catacombs, nicolae_tar_grid_combs
Tar:6:    layout_catacombs
Tar:7:    tar_minmay_river
Zot:1:    layout_gridlike, grunt_megastairs_3
Zot:2:    nicolae_moth_party, layout_gridlike, zot_minivault_1
Zot:3:    layout_basic
Zot:4:    hangedman_snap_crack_crunch, layout_onion_interference,
          ebering_ghost_inner_flame, lemuel_elevator
Zot:5:    layout_twisted_circle, st_stairs_11

Skill      XL: |  1  2  3  4  5  6  7  8  9 10 11 12 13 14 15 16 17 18 19 20 21 22 23 24 25 26 27 |
---------------+----------------------------------------------------------------------------------+-----
Spellcasting   | 4 5 6 7 8 10 11 13 15 17 18 19 21 22 23 25 26 27 | 27.0
Conjurations   | 5 6 7 9 10 11 13 15 16 17 18 19 20 21 22 23 24 25 27 | 27.0
Translocations | 2 4 6 8 9 11 12 | 12.0
Fighting       | 3 5 7 9 10 12 14 20 | 20.3
Shields        | 4 6 |  6.0
Fire Magic     | 1 6 9 12 14 16 17 18 19 21 27 | 27.0
Earth Magic    | 5 6 21 | 21.1
Necromancy     | 8 14 16 | 16.1
Transmutations | 8 12 14 16 | 16.0
Dodging        | 6 10 11 23 | 23.6
Ice Magic      | 9 16 18 | 18.2
Summonings     | 6 10 | 10.0
Armour         | 15 | 15.4
Stealth        | |  2.4

Action                     |  1- 3 |  4- 6 |  7- 9 | 10-12 | 13-15 | 16-18 | 19-21 | 22-24 | 25-27 || total
---------------------------+-------+-------+-------+-------+-------+-------+-------+-------+-------++-------
  Melee: Dagger            |    12 |    13 |       |       |       |       |       |       |       ||    25
         Hand axe          |       |    26 |    93 |     4 |       |       |       |       |       ||   123
         Punch             |       |       |     2 |       |       |       |       |       |       ||     2
         Staff             |       |       |       |    16 |    20 |    76 |    10 |    54 |    29 ||   205
         Kick              |       |       |       |       |       |       |       |    42 |    23 ||    65
   Cast: Magic Dart        |    18 |    11 |     2 |    66 |   160 |   143 |    21 |       |       ||   421
         Searing Ray       |     7 |    37 |    41 |    18 |    41 |    33 |     1 |       |       ||   178
         Iskenderun's Myst |       |       |    37 |   128 |   214 |   133 |    74 |    85 |   130 ||   801
         Fulminant Prism   |       |       |     4 |     7 |    16 |     4 |       |       |       ||    31
         Iskenderun's Batt |       |       |       |    27 |   100 |   100 |    11 |       |       ||   238
         Orb of Destructio |       |       |       |     5 |    96 |   105 |     7 |     4 |       ||   217
         Mephitic Cloud    |       |       |       |     1 |     2 |     1 |       |       |       ||     4
         Fireball          |       |       |       |       |    12 |    82 |       |       |       ||    94
         Starburst         |       |       |       |       |       |     6 |       |       |       ||     6
         Ignition          |       |       |       |       |       |    15 |    23 |       |       ||    38
         Plasma Beam       |       |       |       |       |       |    19 |    90 |    55 |    17 ||   181
         Swiftness         |       |       |       |       |       |     1 |     1 |     1 |       ||     3
         Fire Storm        |       |       |       |       |       |    28 |   178 |   285 |   527 ||  1018
         Statue Form       |       |       |       |       |       |       |     5 |     1 |       ||     6
         Necromutation     |       |       |       |       |       |       |       |    34 |   181 ||   215
         Spellforged Servi |       |       |       |       |       |       |       |       |   237 ||   237
         Lehudib's Crystal |       |       |       |       |       |       |       |       |   622 ||   622
         Polar Vortex      |       |       |       |       |       |       |       |       |     5 ||     5
Ability: End Transformatio |       |       |       |       |       |       |       |     3 |    11 ||    14
  Evoke: Wand              |       |       |    10 |       |       |     1 |     1 |     1 |    25 ||    38
    Use: Potion            |       |     2 |     2 |     1 |     2 |     1 |     7 |     5 |    51 ||    71
         Scroll            |       |       |     9 |     4 |    15 |     3 |     6 |     4 |    33 ||    74
   Stab: Sleeping          |     2 |     5 |       |       |       |       |       |       |       ||     7
         Distracted        |       |       |       |       |       |       |       |       |     1 ||     1
 Armour: Robe              |     7 |     9 |     5 |       |       |       |       |       |       ||    21
         Leather armour    |       |       |    57 |    19 |       |       |       |       |       ||    76
         Troll leather arm |       |       |       |     8 |    42 |    42 |     8 |    27 |   192 ||   319
         Skin              |       |       |       |       |       |       |     3 |       |       ||     3
  Dodge: Dodged            |    10 |    46 |    82 |    58 |    63 |    69 |    25 |    34 |   376 ||   763
  Block: Other             |       |       |       |     3 |       |       |       |       |       ||     3
         Buckler           |       |       |       |       |    48 |    39 |    15 |       |       ||   102

Table legend: (Time is in decaauts)
 A = Elapsed time spent in this place.
 B = Non-inter-level travel time spent in this place.
 C = Inter-level travel time spent in this place.
 D = Time resting spent in this place.
 E = Time spent auto-exploring this place.
 F = Levels seen in this place.
 G = Mean time per level.
                   A        B        C        D        E       F      G
               +--------+--------+--------+--------+--------+-----+--------+
         Total |  47418 |  43570 |   3848 |    157 |      0 | 122 |  388.7 |
       Dungeon |   9471 |   8264 |   1207 |     53 |      0 |  15 |  631.4 |
        Temple |     38 |     38 |      0 |      0 |      0 |   1 |   38.0 |
          Lair |   3319 |   2757 |    562 |      0 |      0 |   5 |  663.8 |
        Shoals |   2549 |   2303 |    246 |      0 |      0 |   4 |  637.2 |
     Snake Pit |   2914 |   2661 |    253 |     15 |      0 |   4 |  728.5 |
    Slime Pits |   1935 |   1818 |    117 |      0 |      0 |   5 |  387.0 |
  Orcish Mines |   1302 |   1135 |    167 |      6 |      0 |   2 |  651.0 |
        Vaults |   5068 |   4423 |    645 |     46 |      0 |   5 | 1013.6 |
         Crypt |    586 |    574 |     12 |      0 |      0 |   3 |  195.3 |
          Tomb |   1786 |   1609 |    177 |      4 |      0 |   3 |  595.3 |
        Depths |   2260 |   2044 |    216 |      0 |      0 |   4 |  565.0 |
          Hell |    336 |    313 |     23 |      0 |      0 |   1 |  336.0 |
           Dis |   2813 |   2682 |    131 |     19 |      0 |   7 |  401.9 |
       Gehenna |   1692 |   1604 |     88 |      0 |      0 |   7 |  241.7 |
       Cocytus |   1102 |   1102 |      0 |      0 |      0 |   7 |  157.4 |
      Tartarus |   1109 |   1109 |      0 |      0 |      0 |   7 |  158.4 |
           Zot |   1085 |   1085 |      0 |      0 |      0 |   5 |  217.0 |
         Abyss |    541 |    541 |      0 |      0 |      0 |   4 |  135.2 |
   Pandemonium |   5624 |   5624 |      0 |     10 |      0 |  26 |  216.3 |
        Bazaar |     33 |     33 |      0 |      0 |      0 |   1 |   33.0 |
       Ossuary |    215 |    215 |      0 |      0 |      0 |   1 |  215.0 |
        Bailey |    204 |    204 |      0 |      0 |      0 |   1 |  204.0 |
      Ice Cave |    383 |    383 |      0 |      0 |      0 |   1 |  383.0 |
       Volcano |    174 |    174 |      0 |      3 |      0 |   1 |  174.0 |
        Wizlab |    418 |    418 |      0 |      0 |      0 |   1 |  418.0 |
      Gauntlet |    448 |    448 |      0 |      0 |      0 |   1 |  448.0 |
               +--------+--------+--------+--------+--------+-----+--------+

Top non-repeatable levels by time:
   Dis:7: 1737 daAuts
Vaults:5: 1098 daAuts
  Tomb:1: 1085 daAuts
Vaults:3: 1083 daAuts
Vaults:1: 1006 daAuts
Vaults:2: 1001 daAuts
     D:5: 988 daAuts
Depths:2: 938 daAuts
 Snake:4: 927 daAuts
   Orc:2: 911 daAuts
Vaults:4: 877 daAuts
Depths:1: 859 daAuts
     D:8: 833 daAuts
 Snake:3: 803 daAuts
Shoals:4: 803 daAuts
